 Dungeon Crawl Stone Soup version 0.26.1-15-g04117e645d (webtiles) character file.

Game seed: 1454634071349732206

1640 Froggeryz the Slicer (level 8, -8/54 HPs)
             Began as an Octopode Berserker on Mar 1, 2022.
             Was an Elder of Trog.
             Shot with an arrow by a centaur (12 damage)
             ... on level 5 of the Dungeon.
             The game lasted 00:07:41 (4629 turns).

Froggeryz the Slicer (Octopode Berserker)           Turns: 4629, Time: 00:07:41

Health: -8/54      AC:  1    Str: 16    XL:     8   Next: 99%
Magic:  8/8        EV: 17    Int: 10    God:    Trog [****..]
Gold:   127        SH:  0    Dex: 19    Spells: 7/7 levels left

rFire    . . .     SeeInvis .   c - +0 dagger (elec)
rCold    + . .     Faith    .   (no shield)
rNeg     . . .     Spirit   .   (helmet restricted)
rPois    .         Reflect  .   (no amulet)
rElec    .         Harm     .   s - +6 ring of dexterity
rCorr    .         Rampage  .   h - ring of protection from cold
Will     ++...                  (no ring)
Stlth    ++++......             (no ring)
HPRegen  1.18/turn              (no ring)
MPRegen  0.11/turn              (no ring)
                                (no ring)
                                (no ring)

@: berserk cooldown, regenerating, slowed, very slow
A: almost no armour, stealthy swim, amphibious, 8 rings, constrict 8, camouflage
1, gelatinous body 1
a: Renounce Religion, Berserk, Trog's Hand, Brothers in Arms


You were on level 5 of the Dungeon.
You worshipped Trog.
Trog was greatly pleased with you.
You visited 1 branch of the dungeon, and saw 5 of its levels.

You collected 179 gold pieces.
You spent 52 gold pieces at shops.

Inventory:

Hand Weapons
 c - a +0 dagger of electrocution (weapon)
 n - a +5 falchion of draining
 o - a +1 short sword of holy wrath
Jewellery
 h - a ring of protection from cold (right tentacle)
 s - a +6 ring of dexterity (left tentacle)
 t - an uncursed ring of stealth {unknown}
 z - an uncursed ring of stealth {unknown}
 B - an uncursed ring of resist corrosion
Wands
 q - a wand of paralysis (4)
 u - a wand of flame (25)
 y - a wand of random effects (19)
Scrolls
 a - 6 scrolls of blinking {unknown}
 b - 2 scrolls of random uselessness {unknown}
 f - 2 scrolls of immolation
 k - a scroll of teleportation {unknown}
 l - a scroll of enchant weapon {unknown}
 m - 3 scrolls of remove curse
 x - 2 scrolls of magic mapping {unknown}
 D - a scroll of enchant armour {unknown}
Potions
 d - 2 potions of attraction
 e - a potion of ambrosia
 g - a potion of curing {unknown}
 i - a potion of berserk rage {unknown}
 j - 4 potions of cancellation
 r - a potion of might {unknown}
 v - a potion of lignification {unknown}
 w - a potion of mutation {unknown}
 A - a potion of invisibility {unknown}
 C - a potion of heal wounds {unknown}
 E - a potion of haste {unknown}


   Skills:
 - Level 4.1 Fighting
 * Level 8.6 Short Blades
 + Level 5.6 Dodging
 - Level 6.0 Stealth
 + Level 2.6 Evocations


You had 7 spell levels left.
You didn't know any spells.
Your spell library was empty.

Dungeon Overview and Level Annotations

Branches:
Dungeon (5/15)
 Temple: D:4-7

Altars:
Ru
Vehumet

Shops:
D:4 ?(**


Innate Abilities, Weirdness & Mutations

You cannot wear most types of armour.
You are very stealthy in the water. (Stealth+)
You are amphibious.
You can wear up to eight rings at the same time.
You can use your tentacles to constrict eight enemies at once.
Your skin changes colour to match your surroundings (Stealth+).
Your rubbery body absorbs attacks. (AC +1, EV +1)


Message History

Okay, then.
Okay, then.
Your skin crawls.
You feel strong-willed.
The centaur shoots an arrow.
The arrow hits you!
* * * LOW HITPOINT WARNING * * *
The centaur shoots an arrow.
The arrow hits you!
* * * LOW HITPOINT WARNING * * *
Okay, then.
As you read the scroll of fear, it crumbles to dust.
You assume a fearsome visage.
The centaur resists with some effort.
The ogre looks frightened!
The centaur shoots an arrow.
The arrow hits you.
* * * LOW HITPOINT WARNING * * *
The centaur shoots an arrow.
The arrow completely misses you.
Aiming: Paralyse
Press: ? - help, Shift-Dir - straight line, f/p - centaur
Aim: a centaur, wielding a +0 shortbow and quivering 10 arrows (moderately wounded, chance to affect: 53%)
The centaur resists with significant effort.
The centaur shoots an arrow.
The arrow hits you!
You die...

...#............##..#...#
#....>..............#....
#..c........#............
....#.....#...#............
...###....#...#..........#.
...###....##...............
.....
##......>>...†.........####
#.... #.......##..###.......##
#....###....O.c)@.(###........##
...............##..#.#.........#
.....h.###.....##..........[).##
.......# ##............#..))..#
......o####..............†....#
....o....#..#................##
....###.)#).#.........###.)..#
... #...†......##...........# ..
#....#....###..............


You could see an ogre (fleeing) and a centaur.

Vanquished Creatures
  Pikel (D:4)
  A water moccasin (D:5)
  A phantom (D:5)
  An orc warrior (D:5)
  A sky beast (D:3)
  2 ogres (D:4)
  A bullfrog (D:3)
  2 hounds (D:5)
  2 orc priests
  2 orc wizards (D:5)
  A bullfrog skeleton (D:3)
  A centaur zombie (D:5)
  A jelly (D:5)
  A worker ant (D:4)
  A hound zombie (D:5)
  Robin (D:2)
  2 howler monkey skeletons (D:4)
  6 adders
  2 ufetubi
  An ooze (D:5)
  An adder skeleton (D:5)
  3 dart slugs
  5 leopard geckos
  16 orcs
  5 giant cockroaches
  20 goblins
  12 hobgoblins
  8 jackals (D:3)
  2 quokkas
  3 ball pythons
  9 bats
  7 frilled lizards
  17 kobolds
  10 rats
149 creatures vanquished.

Vanquished Creatures (others)
  A fungus (D:4)
  6 plants
7 creatures vanquished.

Grand Total: 156 creatures vanquished

Notes
Turn   | Place    | Note
-------+----------+-------------------------------------------
     0 | D:1      | Froggeryz the Octopode Berserker began the quest for the
                  | Orb.
     0 | D:1      | Reached XP level 1. HP: 16/16 MP: 1/1
   194 | D:1      | Reached XP level 2. HP: 19/21 MP: 2/2
   569 | D:1      | You fall into a shaft and drop 1 floor!
   698 | D:2      | Reached XP level 3. HP: 26/26 MP: 3/3
   796 | D:2      | Reached skill level 4 in Short Blades
   937 | D:2      | Reached ** piety under Trog
  1093 | D:1      | Reached XP level 4. HP: 31/32 MP: 4/4
  1538 | D:2      | Noticed Robin
  1557 | D:2      | Killed Robin
  1783 | D:2      | HP: 1/49 [leopard gecko (4)]
  2462 | D:2      | Reached XP level 5. HP: 34/37 MP: 5/5
  2583 | D:3      | Reached skill level 5 in Short Blades
  2761 | D:3      | Reached *** piety under Trog
  3158 | D:3      | Reached XP level 6. HP: 43/43 MP: 6/6
  3211 | D:3      | Noticed a sky beast
  3220 | D:3      | Killed a sky beast
  3221 | D:3      | Reached skill level 6 in Short Blades
  3692 | D:4      | Found Suthaxt's Assorted Antiques.
  3708 | D:4      | Bought a scroll labelled SOIMIU ANIJ for 26 gold pieces
  3708 | D:4      | Bought a scroll labelled SOIMIU ANIJ for 26 gold pieces
  3763 | D:4      | Reached XP level 7. HP: 48/48 MP: 7/7
  3901 | D:4      | Found a radiant altar of Vehumet.
  4010 | D:4      | Found a sacrificial altar of Ru.
  4021 | D:4      | Noticed Pikel
  4049 | D:4      | Killed Pikel
  4050 | D:4      | Reached skill level 7 in Short Blades
  4050 | D:4      | Reached skill level 5 in Stealth
  4050 | D:4      | Reached XP level 8. HP: 54/54 MP: 8/8
  4098 | D:4      | Found Feprih's Magic Scroll Shop.
  4123 | D:4      | Found Wockol's General Store.
  4192 | D:4      | Found Joucamib's Antique Weapon Shop.
  4302 | D:5      | Entered Level 5 of the Dungeon
  4429 | D:5      | Reached **** piety under Trog
  4441 | D:5      | Reached skill level 5 in Dodging
  4444 | D:5      | Reached skill level 1 in Evocations
  4483 | D:5      | Reached skill level 8 in Short Blades
  4627 | D:5      | HP: 1/54 [centaur/arrow (7)]
  4629 | D:5      | Shot with an arrow by a centaur

Illustrated notes

Levels and vault maps discovered:
D:1:      eino_arrival_water_cross, layout_loops_ring
D:2:      minmay_general_purpose_star, layout_basic, st_stairs_8,
          lexackson_kobold_supper, uniq_robin
D:3:      layout_basic
D:4:      layout_rooms, vehumet_altar_wand_db, nicolae_ru_the_path_less_chosen,
          serial_shops, nicolae_shop_statue_plus,
          nicolae_shop_overgrown_old_shop, shop, shop, uniq_pikel
D:5:      layout_cave_pools, minmay_temple_entry_enclosed_plants, serial_shops,
          nicolae_shop_temple_entry_statues_fountains, guppyfry_early_orc_mine

Skill      XL: |  1  2  3  4  5  6  7  8 |
---------------+-------------------------+-----
Short Blades   | 4 5 6 7 8 |  8.6
Fighting       | 4 |  4.1
Dodging        | 4 5 |  5.6
Stealth        | 2 5 6 |  6.0
Evocations     | 2 |  2.6

Action                   |  1- 3 |  4- 6 |  7- 9 || total
-------------------------+-------+-------+-------++-------
Melee: Short sword       |    10 |       |       ||    10
       Constrict         |    21 |    44 |    26 ||    91
       Tentacles         |    14 |    37 |    37 ||    88
       Dagger            |    72 |   139 |   104 ||   315
Invok: Berserk           |     1 |     4 |     2 ||     7
       Trog's Hand       |       |       |     3 ||     3
Evoke: Wand              |       |       |     5 ||     5
  Use: Scroll            |       |     7 |     1 ||     8
 Stab: Sleeping          |     4 |     8 |     1 ||    13
       Paralysed         |       |       |     1 ||     1
Armor: Skin              |     9 |    11 |     1 ||    21
Dodge: Dodged            |    60 |    88 |    60 ||   208
